 Dungeon Crawl Stone Soup version 0.20-a0-899-g09a9bfb (webtiles) character file.

12714 4thArraOfDagon the Carver (level 11, -1/126 HPs)
             Began as a Demigod Wanderer on Mar 17, 2017.
             Splashed by an acid dragon's acid (9 damage)
             ... on level 13 of the Dungeon on Mar 18, 2017.
             The game lasted 00:38:49 (7691 turns).

4thArraOfDagon the Carver (Demigod Wanderer)        Turns: 7691, Time: 00:38:50

Health: -1/126     AC: 25    Str: 17    XL:     11   Next: 39%
Magic:  1/19       EV:  2    Int: 20    God:
Gold:   12         SH:  0    Dex: 18    Spells: 4/17 levels left

rFire    + + .     SeeInvis .   P - +7 falchion of Growth {pain, rPois rF+ MR-}
rCold    . . .     Gourm    .   (armour currently unavailable)
rNeg     + + +     Faith    .   (no shield)
rPois    +         Spirit   .   (helmet currently unavailable)
rElec    .         Reflect  .   (cloak currently unavailable)
rCorr    .         Harm     .   (gloves currently unavailable)
MR       .....     NoTele   +   (boots currently unavailable)
Stlth    +++.......             R - amulet of inaccuracy
Regen    1.4/turn               o - ring of protection from fire
MPRegen  0.2/turn               m - ring of stealth

@: mighty, tree-form, very slightly contaminated, regenerating
A: (icy blue scales 0), (large bone plates 0), high mp 1, weak 1, wild magic 1,
MP-powered wands
a: no special abilities


You were on level 13 of the Dungeon.
You were very hungry.
You were a tree.
You visited 1 branch of the dungeon, and saw 15 of its levels.
You also visited: Labyrinth and Ossuary.

You collected 588 gold pieces.
You spent 576 gold pieces at shops.

Inventory:

Hand Weapons
 a - a +2 falchion
 H - a +0 scimitar
 K - a +2 long sword of holy wrath
 O - a +3 long sword of freezing
 P - the +7 falchion of Growth (weapon) {pain, rPois rF+ MR-}
   (You found it on level 13 of the Dungeon)

   In the hands of one skilled in necromantic magic, it inflicts extra damage on
   living creatures.
   It protects you from fire.
   It protects you from poison.
   It affects your resistance to hostile enchantments.
Armour
 d - a +0 robe
 i - a +0 cloak (melded)
 n - a +2 pair of boots (melded)
 q - a +0 helmet
 A - a +0 pair of gloves (melded)
 G - a +0 scale mail (melded)
 L - a cursed +0 shield
 N - a +0 helmet (melded)
Magical Staves
 t - an uncursed staff of fire
 M - an uncursed staff of air
 Q - an uncursed staff of earth
Jewellery
 m - a ring of stealth (left branch)
 o - a ring of protection from fire (right branch)
 R - an amulet of inaccuracy (around neck)
 S - an uncursed ring of magical power
 Y - a cursed amulet of inaccuracy
Wands
 u - a wand of polymorph (0/24)
 z - a wand of random effects (32/48)
 D - a wand of polymorph (6/24)
 I - a wand of confusion (17/48)
 T - a wand of confusion (35/48)
 U - a wand of iceblast (10/15)
 V - a wand of lightning (8/15)
 W - a wand of polymorph (12/24)
Scrolls
 e - 2 scrolls of remove curse
 g - a scroll of random uselessness {unknown}
 h - 2 scrolls of enchant armour
 k - 4 scrolls of amnesia {unknown}
 w - 5 scrolls of immolation
 x - a scroll of blinking
 y - a scroll of recharging {unknown}
 B - 2 scrolls of enchant weapon {unknown}
 C - a scroll of noise {unknown}
 J - 2 scrolls of torment
Potions
 j - 3 potions of heal wounds
 l - 4 potions of flight
 p - 2 potions of brilliance
 s - 2 potions of curing
 v - 8 potions of degeneration
 E - a potion of ambrosia
 F - a potion of haste {unknown}
 Z - 2 potions of might
Miscellaneous
 X - a phantom mirror
Comestibles
 f - 13 bread rations
 r - 3 meat rations


   Skills:
 - Level 4.0 Fighting
 * Level 11.0 Long Blades
 - Level 1.0 Throwing
 + Level 6.2 Armour
 + Level 6.1 Dodging
 - Level 1.0 Stealth
 * Level 4.7 Shields
 + Level 3.5 Spellcasting
 * Level 5.8 Charms
 * Level 5.4 Necromancy


You had 4 spell levels left.
You knew the following spells:

 Your Spells              Type           Power        Failure   Level  Hunger
a - Regeneration          Chrm/Necr      ####......   8%          3    ###....
b - Blink                 Tloc           N/A          32%         2    ##.....
c - Passwall              Tmut/Erth      #.........   32%         2    ##.....
d - Swiftness             Chrm/Air       ###.....     14%         2    ##.....
e - Passage of Golubria   Tloc           N/A          99%         4    ####...


Dungeon Overview and Level Annotations

Branches:
Dungeon (15/15)            Temple (0/1) D:6            Lair (0/6) D:8
    Orc: D:9-12      Vaults: D:13-14     Depths: D:15

Shops:
D:7 }**(   D:10 ((=%   D:14 !

Annotations:
D:3 4thArraOfDagon's ghost, amateur HOBe
D:4 Edmund
D:5 exclusion: scorpion
D:7 2 runed doors, exclusion: orange crystal statue


Innate Abilities, Weirdness & Mutations

You have an increased reservoir of magic. (+10% MP)
((You are partially covered in icy blue scales. (AC +2)))
((You are partially covered in large bone plates. (SH +4)))
You are weak. (Str -2)
Your spells are a little harder to cast, but a little more powerful.
You expend magic power (3 MP) to strengthen your wands.


Message History

The komodo dragon is moderately wounded.
The komodo dragon bites you but does no damage.
Unknown command.
You slash the komodo dragon!
The komodo dragon writhes in agony.
The komodo dragon is severely wounded.
The komodo dragon bites you!!
* * * LOW HITPOINT WARNING * * *
Unknown command.
Unknown command.
You miss the komodo dragon.
The komodo dragon is severely wounded.
The komodo dragon bites you but does no damage.
Unknown command.
You slash the acid dragon!
The acid dragon writhes in agony.
The acid dragon is heavily wounded.
The acid dragon spits acid at you. The splash of acid hits you!
* * * LOW HITPOINT WARNING * * *
You are splashed with acid!
The acid burns!
You die...

......##.###..................##.
......##.# #..................##.
......##.# #.....................
......##.###.....................
......##+##......................
..........#......................
..........#......................
..........#............###.......
................♣............#...
...............Dl............#...
.......................#.....#...
.......................'.....###'
........###............#......##'
...>..............[..............
.................................
<....[.....................#.....
#(.........................+.....


You could see a komodo dragon and an acid dragon.

Vanquished Creatures
  A minotaur (Lab)
  2 two-headed ogres
  A tengu warrior (D:14)
  An unseen horror (D:14)
  A wolf spider zombie (D:13)
  A guardian serpent (D:10)
  A gargoyle (D:14)
  2 centaur skeletons
  A troll (D:13)
  2 hippogriffs
  A meliai zombie (D:14)
  6 slime creatures
  A spriggan (D:7)
  3 yaks
  4 hungry ghosts (Lab)
  A vampire mosquito (D:13)
  A soldier ant (shapeshifter) (D:13)
  A water moccasin (D:9)
  Duvessa (D:5)
  An orc warrior (D:12)
  A sky beast (D:6)
  2 ice beasts
  An eye of draining (D:14)
  A hornet zombie (D:11)
  3 phantoms
  2 necrophages
  6 ogres
  5 centaurs
  2 crocodiles
  A gnoll sergeant (D:9)
  4 bullfrogs
  5 scorpions
  3 wights (D:7)
  A killer bee (D:7)
  4 howler monkeys
  A bullfrog zombie (D:9)
  12 crimson imps
  A human zombie (Ossuary)
  3 hounds
  9 orc wizards
  A centaur zombie (D:10)
  A gnoll shaman (D:9)
  2 jellies
  A quasit (D:6)
  4 orc priests
  2 bullfrog skeletons
  5 worker ants
  A big kobold zombie (Ossuary)
  A hound zombie (D:5)
  3 mummies (Ossuary)
  13 gnolls
  10 adders
  A shadow imp (D:13)
  2 worms
  5 leopard geckos
  23 orcs
  5 giant cockroaches
  4 goblins (D:3)
  3 hobgoblins
  4 jackals (D:7)
  6 quokkas
  3 bats
  5 frilled lizards
  A gnoll zombie (Ossuary)
  A goblin zombie (Ossuary)
  4 kobolds (D:3)
  2 kobold zombies (Ossuary)
  2 orc zombies (Ossuary)
  A quokka zombie (D:6)
  A rat (D:2)
  A rat zombie (D:9)
218 creatures vanquished.

Notes
Turn   | Place    | Note
-------+----------+-------------------------------------------
     0 | D:1      | 4thArraOfDagon the Demigod Wanderer began the quest for the Orb.
     0 | D:1      | 4thArraOfDagon set off with: a +2 falchion, a scroll of teleportation, a potion of lignification, a +0 robe, a bread ration
     0 | D:1      | Reached XP level 1. HP: 18/18 MP: 3/3
   217 | D:2      | Reached XP level 2. HP: 18/25 MP: 4/4
   223 | D:2      | Reached skill level 5 in Long Blades
   383 | D:3      | Reached XP level 3. HP: 9/31 MP: 5/5
   398 | D:3      | Upgraded the game from 0.20-a0-893-g832831a to 0.20-a0-899-g09a9bfb
   555 | D:3      | Reached XP level 4. HP: 17/38 MP: 6/6
   605 | D:4      | Noticed an ice beast
   661 | D:4      | Noticed Edmund
   765 | D:5      | Entered Level 5 of the Dungeon
   929 | D:3      | Noticed 4thArraOfDagon's ghost (amateur HOBe)
  1028 | D:6      | Found a sand-covered staircase.
  1033 | Ossuary  | Entered an ossuary
  1077 | Ossuary  | Reached skill level 6 in Long Blades
  1077 | Ossuary  | Reached XP level 5. HP: 19/46 MP: 7/7
  1483 | D:6      | Noticed an ice beast
  1547 | D:5      | Found a stormy altar of Qazlal.
  1547 | D:5      | Found a glowing silver altar of Zin.
  1547 | D:5      | Found a burning altar of Makhleb.
  1548 | D:5      | Found a white marble altar of Elyvilon.
  1548 | D:5      | Found a snail-covered altar of Cheibriados.
  1548 | D:5      | Found a sacrificial altar of Ru.
  1548 | D:5      | Found a radiant altar of Vehumet.
  1549 | D:5      | Found a hide-covered altar of Uskayaw.
  1861 | D:5      | Reached skill level 1 in Armour
  1861 | D:5      | Reached XP level 6. HP: 41/52 MP: 8/8
  1864 | D:5      | Reached skill level 1 in Dodging
  2223 | D:6      | Reached skill level 7 in Long Blades
  2514 | D:6      | Reached XP level 7. HP: 56/59 MP: 9/9
  2602 | D:5      | Noticed Duvessa
  2633 | D:5      | Killed Duvessa
  2641 | D:5      | Noticed Dowan
  2644 | D:5      | Noticed Dowan
  2644 | D:5      | Dowan changed into Dowan the gnoll
  2649 | D:5      | Killed Dowan the gnoll
  2721 | D:6      | Gained mutation: You are partially covered in large bone plates. (SH +4) [potion of mutation]
  2721 | D:6      | Gained mutation: You have a beak for a mouth. [potion of mutation]
  2721 | D:6      | Gained mutation: Your natural rate of healing is unusually fast. [potion of mutation]
  2721 | D:6      | Gained mutation: You can translocate small distances at will. [potion of mutation]
  2802 | D:7      | Found Tyrakej's Gadget Emporium.
  2825 | D:7      | Found a hazy altar of Hepliaklqana.
  2870 | D:7      | Reached skill level 8 in Long Blades
  2924 | D:7      | Found a runed door.
  2950 | D:7      | Found a runed door.
  3007 | D:6      | Found a staircase to the Ecumenical Temple.
  3022 | D:7      | Reached XP level 8. HP: 44/66 MP: 10/10
  3037 | D:7      | Found Kuxip's Assorted Antiques.
  3043 | D:7      | Bought a scroll labeled DUNTOI WYMAYHAWA for 24 gold pieces
  3043 | D:7      | Bought a sapphire potion for 21 gold pieces
  3043 | D:7      | Bought a scroll labeled ZOSSEENENI for 24 gold pieces
  3118 | D:7      | Found a runed door.
  3122 | D:7      | Noticed Crazy Yiuf
  3125 | D:7      | Noticed Crazy Yiuf
  3125 | D:7      | Crazy Yiuf changed into Crazy Yiuf the scorpion
  3126 | D:7      | Noticed Crazy Yiuf
  3126 | D:7      | Crazy Yiuf the scorpion changed into Crazy Yiuf the killer bee
  3129 | D:7      | Killed Crazy Yiuf the killer bee
  3325 | D:7      | Noticed an orange crystal statue
  3651 | D:7      | Reached skill level 9 in Long Blades
  3673 | D:7      | Found Diczookk's Assorted Antiques.
  3719 | D:7      | Found an opulent altar of Gozag.
  3743 | D:7      | Found Ichogokh's Weapon Emporium.
  3877 | D:7      | Learned a level 3 spell: Regeneration
  4032 | D:8      | Reached skill level 1 in Charms
  4100 | D:8      | Reached XP level 9. HP: 68/71 MP: 12/12
  4161 | D:8      | Reached skill level 1 in Necromancy
  4176 | D:8      | Noticed a two-headed ogre
  4321 | D:9      | Found a stormy altar of Qazlal.
  4386 | D:9      | Reached skill level 1 in Spellcasting
  4403 | D:9      | Found an opulent altar of Gozag.
  4416 | D:9      | Noticed a two-headed ogre
  4446 | D:10     | Entered Level 10 of the Dungeon
  4685 | D:9      | Reached skill level 5 in Armour
  4685 | D:9      | Reached skill level 5 in Dodging
  4775 | D:9      | Reached skill level 10 in Long Blades
  4979 | D:8      | Found a staircase to the Lair.
  5241 | D:11     | Reached skill level 1 in Shields
  5272 | D:10     | Found Fozetiff's Antique Weapon Boutique.
  5272 | D:10     | Found Ikoj's Weapon Boutique.
  5272 | D:10     | Found Ezewkuan's Jewellery Boutique.
  5326 | D:10     | Found Efe Ozea's Food Boutique.
  5367 | D:10     | Lost mutation: Your natural rate of healing is unusually fast. [potion of mutation]
  5367 | D:10     | Lost mutation: You can translocate small distances at will. [potion of mutation]
  5367 | D:10     | Lost mutation: You have a beak for a mouth. [potion of mutation]
  5367 | D:10     | Gained mutation: You expend magic power (3 MP) to strengthen your wands. [potion of mutation]
  5367 | D:10     | Gained mutation: You are partially covered in icy blue scales. (AC +2) [potion of mutation]
  5367 | D:10     | Gained mutation: You are weak. (Str -2) [potion of mutation]
  5367 | D:10     | Gained mutation: Your spells are a little harder to cast, but a little more powerful. [potion of mutation]
  5459 | D:10     | Noticed a guardian serpent
  5487 | D:10     | Killed a guardian serpent
  5487 | D:10     | Reached XP level 10. HP: 65/78 MP: 16/16
  5566 | D:10     | Noticed a white ugly thing
  5655 | D:10     | HP: 1/78 [crocodile (8)]
  5811 | D:11     | Noticed a skeletal warrior
  5820 | D:10     | Bought a glowing long sword for 221 gold pieces
  5898 | D:12     | Noticed a two-headed ogre
  5989 | D:12     | Learned a level 2 spell: Blink
  6019 | D:12     | Noticed a two-headed ogre
  6034 | D:12     | Killed a two-headed ogre
  6153 | D:13     | Noticed a manticore
  6156 | D:13     | a manticore changed into a tarantella
  6165 | D:13     | Noticed a two-headed ogre
  6173 | D:13     | Noticed a black mamba
  6173 | D:13     | a black mamba changed into a soldier ant
  6174 | D:13     | Killed a two-headed ogre
  6570 | D:13     | Found a labyrinth entrance.
  6579 | Lab      | Entered a labyrinth
  6669 | Lab      | Reached skill level 5 in Charms
  6910 | Lab      | Noticed a minotaur
  6911 | Lab      | Killed a minotaur
  6911 | Lab      | Reached XP level 11. HP: 84/84 MP: 15/19
  6924 | Lab      | Ultraviolent4: 10/10 minotaur kill
  7121 | D:12     | Reached skill level 5 in Necromancy
  7210 | D:13     | Got a slimy falchion
  7211 | D:13     | Identified the +7 falchion of Growth {pain, rPois rF+ MR-} (You found it on level 13 of the Dungeon)
  7212 | D:13     | Noticed a centaur warrior
  7326 | D:14     | Noticed a tengu warrior
  7343 | D:14     | Killed a tengu warrior
  7343 | D:14     | Reached skill level 11 in Long Blades
  7523 | D:15     | Entered Level 15 of the Dungeon
  7523 | D:15     | Noticed a necromancer
  7531 | D:15     | Learned a level 2 spell: Passwall
  7534 | D:15     | Learned a level 2 spell: Swiftness
  7539 | D:15     | Learned a level 4 spell: Passage of Golubria
  7544 | D:15     | Noticed a skeletal warrior
  7581 | D:14     | Found Teghul's Distillery.
  7584 | D:14     | Bought a potion of might for 52 gold pieces
  7584 | D:14     | Bought 2 potions of might for 104 gold pieces
  7584 | D:14     | Bought a potion of heal wounds for 65 gold pieces
  7584 | D:14     | Bought a potion of heal wounds for 65 gold pieces
  7621 | D:14     | Killed an unseen horror
  7691 | D:13     | Splashed by an acid dragon's acid

Vault maps used:
D:1:      dpeg_arrival_line_fractal
D:2:      lemuel_coloured_pillars_altar, st_stairs_5, minmay_circled_x
D:3:      first_bread
D:4:      uniq_edmund
D:5:      grunt_temple_overflow_open, serial_glass, glass_columns_a,
          glass_columns_b, glass_columns_c, item_on_display_a,
          due_unseen_surprise, minmay_strange_pillars, minmay_strange_pillars,
          supply_closet_lemuel, lexackson_kobold_supper, uniq_duvessa
D:6:      minmay_temple_entry_from_below_a,
          lightli_ossuary_entry_decrepit_ruins, grunt_ministairs_2
D:7:      lemuel_round_altar, grunt_dithmenos_smoke, serial_shops,
          shop_fountains, nicolae_shop_crystal, kennysheep_little_box,
          nicolae_shop_stone, basic_altar, the_bakery,
          chequers_guarded_unrand_ignorance, uniq_crazy_yiuf_cottage
D:8:      lair_entry_dummy
D:9:      lemuel_doored_altar, lemuel_zombie_altar_kikubaaqudgha, basic_altar,
          grunt_qazlal_clouds
D:10:     minmay_shop_grid_forest, nicolae_twisting_strands, amethyst_killhole,
          nrook_guardian_serpent_double
D:11:     orc_0_dummy
D:12:     kennysheep_pointless_box
D:13:     nicolae_whirlpool, david_vaults_1, lab_entry_generic,
          minmay_misc_feat_room
D:14:     evilmike_ruin_ashenzari, serial_shops, kennysheep_mini_moat,
          spider_trap
D:15:     gammafunk_depths_entry_grave, grunt_decor_one_mirror,
          roderic_serpentine_path
Lab:      labyrinth_watery, nicolae_lab_blocks, nicolae_lab_arrow,
          nicolae_lab_very_dead_end, labyrinth_skeletal_remains
Ossuary:  ossuary_crypta

Skill      XL: |  1  2  3  4  5  6  7  8  9 10 11 |
---------------+----------------------------------+-----
Fighting       | 3 4 |  4.0
Long Blades    | 5 6 7 8 9 10 11 | 11.0
Armour         | 1 2 3 4 5 6 |  6.2
Dodging        | 1 3 4 5 6 |  6.1
Charms         | 1 3 5 |  5.8
Necromancy     | 3 4 5 |  5.4
Spellcasting   | 2 3 |  3.5
Shields        | 1 4 |  4.7
Throwing       | |  1.0
Stealth        | |  1.0

Action                   |  1- 3 |  4- 6 |  7- 9 | 10-12 || total
-------------------------+-------+-------+-------+-------++-------
Melee: Falchion          |    70 |   242 |   679 |   152 ||  1143
       Peck              |       |       |   150 |       ||   150
       Unarmed           |       |       |     4 |       ||     4
       Long sword        |       |       |       |   312 ||   312
Throw: Throwing net      |       |       |       |     2 ||     2
 Cast: Regeneration      |       |       |       |    16 ||    16
Evoke: Wand              |       |       |    15 |    14 ||    29
  Use: Potion            |     2 |     5 |     5 |    12 ||    24
       Scroll            |       |     6 |     7 |    12 ||    25
 Stab: Sleeping          |     1 |     4 |     4 |       ||     9
       Confused          |       |       |     1 |     3 ||     4
  Eat: Royal jelly       |       |     2 |     2 |       ||     4
       Chunk             |       |     2 |     4 |     3 ||     9
       Fruit             |       |     3 |       |       ||     3
       Meat ration       |       |       |       |     3 ||     3
Armor: Skin              |    23 |       |    22 |    32 ||    77
       Robe              |    10 |    74 |    28 |       ||   112
       Scale mail        |       |       |   125 |   187 ||   312
Dodge: Dodged            |    25 |   127 |   243 |   170 ||   565
Block: Other             |       |       |    70 |    50 ||   120
       Rpst.: Falchion   |     6 |    37 |    67 |     8 ||   118
       Long sword        |       |       |       |    29 ||    29
